General information
- name: BNet
- type: Ladder team game (AT/RT)
- host: Battle.net
- saver: skrt
map: Northshire_LV
- players: 8
- length: 21:16
- speed: Fast
- version: 1.10030 W3XP
- replay type: Public
» download(253 KB)
Players
team 1 (winner)

»
Slothien (
red | 132 APM | 2801 actions | 21:16)
5 Dark Ranger
2 Black Arrow
3 Silence
3 Priestess of the Moon
2 Trueshot Aura
1 Scout
3 Keeper of the Grove
1 Force of Nature
2 Entangling Roots
» actions
| Assign group hotkey | 378 | |
| Basic commands | 302 | |
| Build / train | 94 | |
| ESC pressed | 3 | |
| Enter build submenu | 22 | |
| Enter hero's abilities submenu | 11 | |
| Give item / drop item | 9 | |
| Right click | 698 | |
| Select / deselect | 310 | |
| Select group hotkey | 887 | |
| Use ability | 87 | |
2801 total
» units
| Wisp | 24 | |
| Archer | 11 | |
| Goblin Shredder | 2 | |
| Chimaera | 7 | |
| Hippogryph | 10 | |
54 total
» upgrades
| Strength of the Wild | 3 | |
| Nature's Blessing | 1 | |
| Corrosive Breath | 1 | |
| Reinforced Hides | 2 | |
| Well Spring | 1 | |
8 total
» buildings
| Moon Well | 6 | |
| Altar of Elders | 1 | |
| Ancient of War | 1 | |
| Tree of Life | 6 | |
| Tree of Ages | 2 | |
| Ancient of Wonders | 1 | |
| Hunter's Hall | 1 | |
| Tree of Eternity | 2 | |
| Ancient of Wind | 2 | |
| Chimaera Roost | 3 | |
25 total
» build order
00:18 Moon Well
00:22 Altar of Elders
00:31 Ancient of War
01:27 Moon Well
02:02 Moon Well
03:42 Tree of Life
03:59 Tree of Ages
03:59 Tree of Ages
04:26 Ancient of Wonders
05:17 Hunter's Hall
05:21 Moon Well
06:24 Tree of Eternity
06:24 Tree of Eternity
08:12 Ancient of Wind
08:14 Ancient of Wind
08:48 Chimaera Roost
08:51 Chimaera Roost
08:53 Chimaera Roost
09:22 Moon Well
09:24 Moon Well
15:34 Tree of Life
15:37 Tree of Life
20:36 Tree of Life
20:39 Tree of Life
20:40 Tree of Life
» items
| Staff of Preservation | 1 | |
| Orb of Venom | 1 | |
| Lesser Clarity Potion | 2 | |
| Scroll of Town Portal | 2 | |
| Orb of Corruption | 1 | |
| Potion of Healing | 1 | |
8 total
el_sin_nombre_2 (
green | 89 APM | 1903 actions | 21:16)
5 Mountain King
3 Storm Bolt
2 Bash
3 Paladin
2 Holy Light
1 Devotion Aura
2 Archmage
1 Summon Water Elemental
1 Brilliance Aura
» actions
| Assign group hotkey | 39 | |
| Basic commands | 94 | |
| Build / train | 137 | |
| Enter build submenu | 22 | |
| Enter hero's abilities submenu | 9 | |
| Give item / drop item | 3 | |
| Right click | 417 | |
| Select / deselect | 290 | |
| Select group hotkey | 811 | |
| Use ability | 81 | |
1903 total
» units
| Peasant | 18 | |
| Footman | 11 | |
| Priest | 8 | |
| Knight | 4 | |
| Siege Engine | 2 | |
| Spell Breaker | 2 | |
45 total
» upgrades
| Lumber Harvesting | 2 | |
| Swords | 3 | |
| Plating | 3 | |
| Priest Training | 2 | |
| Animal War Training | 1 | |
| Barrage | 1 | |
| Gunpowder | 2 | |
| Masonry | 2 | |
| Magic Sentry | 1 | |
17 total
» buildings
| Farm | 14 | |
| Altar of Kings | 1 | |
| Barracks | 2 | |
| Scout Tower | 7 | |
| Arcane Tower | 2 | |
| Lumber Mill | 1 | |
| Arcane Vault | 1 | |
| Keep | 3 | |
| Guard Tower | 8 | |
| Town Hall | 1 | |
| Blacksmith | 1 | |
| Castle | 3 | |
| Arcane Sanctum | 2 | |
| Workshop | 1 | |
47 total
» build order
00:20 Farm
00:21 Farm
00:36 Altar of Kings
00:52 Barracks
01:34 Scout Tower
02:00 Arcane Tower
02:01 Arcane Tower
02:11 Lumber Mill
02:17 Arcane Vault
02:24 Farm
02:30 Farm
04:11 Scout Tower
04:23 Scout Tower
04:46 Keep
04:46 Keep
04:46 Keep
04:48 Guard Tower
04:48 Guard Tower
04:57 Guard Tower
04:57 Guard Tower
06:33 Town Hall
06:40 Scout Tower
06:41 Scout Tower
06:42 Scout Tower
06:43 Scout Tower
06:55 Blacksmith
07:11 Guard Tower
08:34 Castle
08:34 Castle
08:34 Castle
08:54 Arcane Sanctum
08:55 Arcane Sanctum
09:24 Barracks
09:37 Farm
09:38 Farm
09:39 Farm
11:48 Workshop
13:20 Farm
13:21 Farm
13:22 Farm
16:04 Guard Tower
16:04 Guard Tower
16:05 Guard Tower
16:46 Farm
16:47 Farm
16:48 Farm
16:49 Farm
» items
| Scroll of Regeneration | 4 | |
| Lesser Clarity Potion | 2 | |
| Potion of Healing | 2 | |
| Scroll of Town Portal | 2 | |
| Ivory Tower | 1 | |
11 total

»
cantstopstupid (
purple | 34 APM | 718 actions | 21:16)
4 Keeper of the Grove
1 Force of Nature
2 Thorns Aura
1 Entangling Roots
4 Priestess of the Moon
2 Trueshot Aura
2 Searing Arrows
» actions
| Build / train | 75 | |
| Enter build submenu | 17 | |
| Enter hero's abilities submenu | 8 | |
| Give item / drop item | 1 | |
| Right click | 266 | |
| Select / deselect | 291 | |
| Use ability | 60 | |
718 total
» units
| Wisp | 18 | |
| Archer | 11 | |
| Goblin Shredder | 1 | |
| Druid of the Talon | 6 | |
| Chimaera | 6 | |
| Hippogryph | 7 | |
49 total
» upgrades
| Druid of the Talon Training | 2 | |
| Corrosive Breath | 1 | |
| Ultravision | 1 | |
| Mark of the Talon | 1 | |
| Well Spring | 1 | |
| Strength of the Wild | 2 | |
| Reinforced Hides | 2 | |
10 total
» buildings
| Ancient of War | 2 | |
| Moon Well | 8 | |
| Altar of Elders | 1 | |
| Hunter's Hall | 1 | |
| Ancient of Wonders | 2 | |
| Tree of Ages | 1 | |
| Tree of Eternity | 1 | |
| Tree of Life | 2 | |
| Ancient of Wind | 2 | |
| Chimaera Roost | 2 | |
22 total
» build order
00:05 Ancient of War
00:06 Ancient of War
00:56 Moon Well
01:39 Moon Well
02:45 Altar of Elders
03:28 Moon Well
04:02 Moon Well
04:23 Hunter's Hall
04:30 Ancient of Wonders
05:08 Tree of Ages
07:32 Tree of Eternity
08:58 Tree of Life
09:38 Ancient of Wind
09:43 Ancient of Wind
11:05 Chimaera Roost
11:17 Chimaera Roost
12:04 Ancient of Wonders
14:06 Moon Well
14:06 Moon Well
14:07 Moon Well
14:08 Moon Well
18:01 Tree of Life
» items
| Scroll of Town Portal | 2 | |
| Potion of Lesser Invulnerability | 1 | |
3 total

»
OnePumpMan (
pink | 42 APM | 903 actions | 21:16)
5 Crypt Lord
3 Carrion Beetles
2 Impale
2 Death Knight
1 Unholy Aura
1 Death Coil
1 Naga Sea Witch
1 Forked Lightning
» actions
| Assign group hotkey | 100 | |
| Basic commands | 29 | |
| Build / train | 56 | |
| Enter build submenu | 21 | |
| Enter hero's abilities submenu | 9 | |
| Right click | 349 | |
| Select / deselect | 248 | |
| Select group hotkey | 49 | |
| Use ability | 42 | |
903 total
» units
| Acolyte | 7 | |
| Ghoul | 4 | |
| Crypt Fiend | 8 | |
| Obsidian Statue | 2 | |
| Abomination | 3 | |
| Frost Wyrm | 3 | |
| Gargoyle | 1 | |
28 total
» upgrades
| Creature Carapace | 1 | |
| Creature Attack | 2 | |
| Web | 1 | |
| Disease Cloud | 1 | |
| Freezing Breath | 1 | |
6 total
» buildings
| Ziggurat | 8 | |
| Altar of Darkness | 1 | |
| Crypt | 1 | |
| Graveyard | 1 | |
| Nerubian Tower | 1 | |
| Tomb of Relics | 1 | |
| Spirit Tower | 5 | |
| Necropolis | 1 | |
| Halls of the Dead | 1 | |
| Black Citadel | 1 | |
| Slaughterhouse | 1 | |
| Sacrificial Pit | 1 | |
| Boneyard | 2 | |
25 total
» build order
00:28 Ziggurat
00:31 Altar of Darkness
00:37 Crypt
01:01 Graveyard
01:20 Nerubian Tower
01:48 Ziggurat
02:18 Tomb of Relics
02:28 Ziggurat
03:16 Spirit Tower
05:47 Necropolis
06:00 Ziggurat
06:02 Ziggurat
06:05 Ziggurat
06:08 Ziggurat
06:53 Spirit Tower
08:05 Spirit Tower
08:08 Halls of the Dead
09:14 Spirit Tower
10:37 Black Citadel
10:44 Slaughterhouse
11:13 Sacrificial Pit
11:19 Ziggurat
13:03 Boneyard
13:31 Boneyard
17:23 Spirit Tower
» items
| Rod of Necromancy | 1 | |
| Sacrificial Skull | 1 | |
| Scroll of Town Portal | 1 | |
3 total
team 2 (loser)
OngBakWarrior (
teal | 64 APM | 1043 actions | 16:21)
5 Firelord
2 Summon Lava Spawn
3 Incinerate
3 Shadow Hunter
2 Healing Wave
1 Hex
» actions
| Basic commands | 79 | |
| Build / train | 54 | |
| ESC pressed | 5 | |
| Enter build submenu | 17 | |
| Enter hero's abilities submenu | 8 | |
| Give item / drop item | 4 | |
| Remove unit from queue | 1 | |
| Right click | 490 | |
| Select / deselect | 326 | |
| Use ability | 59 | |
1043 total
» units
| Peon | 9 | |
| Grunt | 11 | |
| Rogue | 1 | |
| Demolisher | 3 | |
| Goblin Shredder | 2 | |
| Tauren | 1 | |
27 total
» upgrades
| Berserker Strength | 1 | |
| Pillage | 1 | |
| Reinforced Defenses | 1 | |
| Burning Oil | 2 | |
5 total
» buildings
| Barracks | 2 | |
| Orc Burrow | 6 | |
| Altar of Storms | 1 | |
| Voodoo Lounge | 1 | |
| Stronghold | 1 | |
| War Mill | 1 | |
| Fortress | 1 | |
| Tauren Totem | 1 | |
| Beastiary | 2 | |
16 total
» build order
00:06 Barracks
00:14 Orc Burrow
00:52 Barracks
01:22 Orc Burrow
02:10 Altar of Storms
02:23 Voodoo Lounge
03:45 Orc Burrow
05:10 Stronghold
06:29 Orc Burrow
06:31 War Mill
11:51 Fortress
11:53 Tauren Totem
13:13 Orc Burrow
14:09 Orc Burrow
15:23 Beastiary
15:25 Beastiary
» items
| Healing Salve | 3 | |
| Lesser Clarity Potion | 2 | |
| Scroll of Town Portal | 1 | |
| Orb of Lightning | 1 | |
| Tiny Great Hall | 1 | |
| Scroll of Speed | 1 | |
9 total

»
skrt (
yellow | 175 APM | 3722 actions | 21:16)
5 Tauren Chieftain
3 War Stomp
2 Endurance Aura
3 Shadow Hunter
2 Hex
1 Healing Wave
» actions
| Assign group hotkey | 30 | |
| Basic commands | 190 | |
| Build / train | 78 | |
| ESC pressed | 4 | |
| Enter build submenu | 29 | |
| Enter hero's abilities submenu | 11 | |
| Give item / drop item | 3 | |
| Right click | 1899 | |
| Select / deselect | 640 | |
| Select group hotkey | 702 | |
| Use ability | 136 | |
3722 total
» units
| Peon | 12 | |
| Troll Headhunter/Berserker | 13 | |
| Goblin Shredder | 1 | |
| Wind Rider | 4 | |
30 total
» upgrades
| Troll Regeneration | 1 | |
| Reinforced Defenses | 1 | |
| Ranged Weapons | 2 | |
| Armor | 2 | |
| Berserker Upgrade | 1 | |
7 total
» buildings
| Altar of Storms | 2 | |
| Orc Burrow | 5 | |
| War Mill | 1 | |
| Barracks | 1 | |
| Voodoo Lounge | 1 | |
| Stronghold | 1 | |
| Great Hall | 1 | |
| Fortress | 1 | |
| Watch Tower | 13 | |
| Beastiary | 2 | |
28 total
» build order
00:02 Altar of Storms
00:05 Orc Burrow
00:07 Altar of Storms
00:25 War Mill
01:04 Orc Burrow
01:09 Barracks
01:51 Orc Burrow
02:33 Voodoo Lounge
04:24 Stronghold
04:59 Great Hall
05:46 Orc Burrow
07:47 Fortress
09:46 Watch Tower
09:48 Watch Tower
11:11 Watch Tower
11:13 Watch Tower
12:22 Watch Tower
12:23 Watch Tower
13:10 Beastiary
13:12 Beastiary
13:24 Watch Tower
13:25 Watch Tower
13:43 Watch Tower
14:37 Watch Tower
15:29 Watch Tower
15:30 Watch Tower
15:39 Watch Tower
17:17 Orc Burrow
» items
| Healing Salve | 6 | |
| Lesser Clarity Potion | 5 | |
| Scroll of Town Portal | 5 | |
| Scroll of Speed | 1 | |
| Potion of Mana | 5 | |
| Orb of Lightning | 1 | |
| Tiny Great Hall | 1 | |
| Potion of Healing | 1 | |
| Potion of Lesser Invulnerability | 1 | |
| Scroll of Healing | 1 | |
27 total
poutyfaun (
blue | 67 APM | 1395 actions | 20:46)
4 Blademaster
2 Wind Walk
2 Critical Strike
2 Shadow Hunter
1 Healing Wave
1 Hex
2 Goblin Alchemist
1 Acid Bomb
1 Chemical Rage
» actions
| Assign group hotkey | 6 | |
| Basic commands | 24 | |
| Build / train | 86 | |
| ESC pressed | 8 | |
| Enter build submenu | 31 | |
| Enter hero's abilities submenu | 8 | |
| Give item / drop item | 11 | |
| Remove unit from queue | 2 | |
| Right click | 754 | |
| Select / deselect | 342 | |
| Select group hotkey | 20 | |
| Use ability | 100 | |
1395 total
» units
| Peon | 8 | |
| Grunt | 6 | |
| Goblin Shredder | 1 | |
| Forest Troll High Priest | 1 | |
| Tauren | 2 | |
| Demolisher | 3 | |
| Troll Batrider | 18 | |
39 total
» upgrades
| Spiked Barricades | 3 | |
| Armor | 3 | |
| Reinforced Defenses | 2 | |
| Melee Weapons | 2 | |
| Pulverize | 1 | |
| Burning Oil | 1 | |
| Liquid Fire | 1 | |
| Ranged Weapons | 1 | |
14 total
» buildings
| Altar of Storms | 1 | |
| Orc Burrow | 7 | |
| Voodoo Lounge | 2 | |
| War Mill | 1 | |
| Watch Tower | 12 | |
| Barracks | 1 | |
| Stronghold | 1 | |
| Great Hall | 1 | |
| Fortress | 1 | |
| Tauren Totem | 2 | |
| Beastiary | 2 | |
31 total
» build order
00:02 Altar of Storms
00:11 Orc Burrow
00:26 Voodoo Lounge
00:29 Voodoo Lounge
01:11 War Mill
01:44 Orc Burrow
02:53 Watch Tower
02:57 Watch Tower
03:06 Barracks
04:01 Stronghold
04:05 Orc Burrow
05:36 Orc Burrow
05:40 Watch Tower
06:36 Great Hall
06:44 Watch Tower
06:45 Watch Tower
06:46 Watch Tower
06:47 Watch Tower
06:48 Watch Tower
06:49 Watch Tower
06:52 Watch Tower
06:52 Watch Tower
06:52 Watch Tower
09:46 Fortress
10:48 Tauren Totem
11:51 Tauren Totem
13:33 Orc Burrow
13:36 Orc Burrow
13:37 Orc Burrow
16:22 Beastiary
16:30 Beastiary
» items
| Healing Salve | 5 | |
| Lesser Clarity Potion | 4 | |
| Boots of Speed | 1 | |
| Circlet of Nobility | 1 | |
| Periapt of Vitality | 1 | |
| Scroll of Healing | 1 | |
| Orb of Lightning | 1 | |
| Scroll of Town Portal | 1 | |
| Potion of Mana | 1 | |
16 total
gila21 (
orange | 33 APM | 686 actions | 20:28)
4 Death Knight
2 Death Coil
2 Unholy Aura
2 Lich
1 Frost Armor
1 Frost Nova
» actions
| Assign group hotkey | 20 | |
| Basic commands | 161 | |
| Build / train | 52 | |
| Enter build submenu | 17 | |
| Enter hero's abilities submenu | 6 | |
| Give item / drop item | 5 | |
| Right click | 134 | |
| Select / deselect | 165 | |
| Select group hotkey | 82 | |
| Use ability | 44 | |
686 total
» units
| Acolyte | 7 | |
| Ghoul | 4 | |
| Crypt Fiend | 11 | |
| Frost Wyrm | 7 | |
29 total
» upgrades
| Creature Attack | 3 | |
| Creature Carapace | 3 | |
| Web | 1 | |
| Freezing Breath | 1 | |
8 total
» buildings
| Crypt | 1 | |
| Graveyard | 1 | |
| Ziggurat | 9 | |
| Altar of Darkness | 1 | |
| Tomb of Relics | 1 | |
| Halls of the Dead | 1 | |
| Black Citadel | 1 | |
| Sacrificial Pit | 1 | |
| Boneyard | 2 | |
18 total
» build order
00:16 Crypt
00:24 Graveyard
00:39 Ziggurat
01:04 Altar of Darkness
02:31 Ziggurat
03:08 Ziggurat
04:40 Tomb of Relics
04:44 Ziggurat
06:40 Halls of the Dead
08:04 Ziggurat
08:06 Ziggurat
08:08 Ziggurat
09:01 Black Citadel
09:49 Sacrificial Pit
11:50 Boneyard
11:55 Boneyard
17:06 Ziggurat
17:08 Ziggurat
» items
| Potion of Healing | 2 | |
| Orb of Corruption | 2 | |
| Scroll of Town Portal | 1 | |
5 total
Chat log
(00:37 / All) Slothien: the newbs are strong tonight
(00:42 / All) skrt: BAN ALL NOOB HAHA
(00:46 / All) Slothien: horrid games tonight
(00:53 / All) Slothien: juids one after another
(00:56 / All) skrt: What do u expect
(01:02 / All) skrt: reforged preorders
(01:22 / All) skrt: its a travesty they r allowed to play classic
(01:43 / All) skrt: they are literally ruining an adult gaming experience
(01:47 / All) skrt: with their fortnite tendancie
(02:02 / All) skrt: these spastics must be stopped
(02:09 / All) Slothien: oh so thats what ppl are saying
(02:18 / All) Slothien: about reforged
(02:20 / All) skrt: yes preorders can play
(02:25 / All) skrt: without having bought tft
(02:30 / Allies) OngBakWarrior: 100g plz
(06:16 / Allies) skrt: yikes
(11:32 / Allies) gila21: fight blue
(11:35 / Allies) gila21: wtf
(15:00 / All) skrt: u see ppl making melee in 4s
(16:00 / All) skrt: do u see teal
(16:15 / Allies) OngBakWarrior: u noobs already lost evyerthing
(16:30 / All) skrt: why dont reforged preoreders quit
(16:46 / All) skrt: he went CATAS
(16:48 / All) skrt: MY OTHER ALLY TAUREN
(18:22 / Allies) skrt: MAKE BATS
(18:31 / Allies) poutyfaun: what im doin
(19:28 / Allies) skrt: TP KILL
(19:44 / Allies) gila21: go now
(19:47 / Allies) skrt: TOO LATE
(20:26 / Allies) gila21: what shit teamates
(20:34 / All) skrt: SEE WHAT I MEAN
(20:48 / All) Slothien: gg
(20:52 / All) skrt: HOW WAS IT A GG
(20:56 / All) Slothien: it was gg
(21:00 / All) skrt: HOQ
(21:02 / All) skrt: HOW
(21:06 / All) Slothien: it was cl;ose game
(21:08 / All) Slothien: so gg
(21:09 / All) skrt: lol
(21:12 / All) skrt: Ajajaja